TOP OF THE 1ST |
Irvine Gang Green batting - Pitching for Plymouth Rocks : LHP Dave Smeddon
|
Pitching: LHP Dave Smeddon
|
|
Batting: LHB Leonardo Medina
|
0-0: Ball 1-0: Called Strike 1-1: Ball 2-1: SOLO HOME RUN (Flyball, 9D), Distance : 378 ft
|
Batting: RHB Buck Jones
|
0-0: Foul Ball, location: 2F 0-1: Swinging Strike 0-2: Ground out 4-3 (Groundball, 4)
|
Batting: RHB Manny Copriviza
|
0-0: Ball 1-0: Ball 2-0: SINGLE (Groundball, 6D)
|
Batting: LHB Víctor Quiñones
|
0-0: Ball 1-0: Called Strike 1-1: Foul Ball, location: 2F 1-2: Foul Ball, location: 2F 1-2: Ball 2-2: Foul Ball, location: 2F 2-2: Ball 3-2: DOUBLE (Line Drive, 8LD) Manny Copriviza to third
|
Batting: LHB Jesús Campos
|
0-0: Ball 1-0: Called Strike 1-1: Swinging Strike 1-2: Strikes out looking
|
Batting: RHB Tom Doherty
|
0-0: Called Strike 0-1: Ground out 5-3 (Groundball, 5)
|
Top of the 1st over - 1 run(s), 3 hit(s), 0 error(s), 2 left on base; Irvine 1 - Plymouth 0 |
BOTTOM OF THE 1ST |
Plymouth Rocks batting - Pitching for Irvine Gang Green : LHP Keith Swanson
|
Pitching: LHP Keith Swanson
|
|
Batting: RHB Andrés Lara
|
0-0: Ball 1-0: Foul Ball, location: 2F 1-1: Ball 2-1: Swinging Strike 2-2: Ball 3-2: Foul Ball, location: 2F 3-2: Foul Ball, location: 2F 3-2: Foul Ball, location: 2F 3-2: Fly out, F7 (Popup, 78S)
|
Batting: RHB António Gonzáles
|
0-0: Ball 1-0: Called Strike 1-1: Ground out 1-3 (Groundball, 13)
|
Batting: RHB Júlio Negrón
|
0-0: Foul Ball, location: 2F 0-1: Ball 1-1: Ball 2-1: Ground out 5-3 (Groundball, 5L)
|
Bottom of the 1st over - 0 run(s), 0 hit(s), 0 error(s), 0 left on base; Irvine 1 - Plymouth 0 |
TOP OF THE 2ND |
Irvine Gang Green batting - Pitching for Plymouth Rocks : LHP Dave Smeddon
|
Batting: LHB Jorge Martínez
|
0-0: Ball 1-0: Ball 2-0: Swinging Strike 2-1: Foul Ball, location: 2F 2-2: Foul Ball, location: 2F 2-2: Foul Ball, location: 2F 2-2: Strikes out swinging
|
Batting: RHB José Salazar
|
0-0: Called Strike 0-1: Swinging Strike 0-2: Ball 1-2: Ball 2-2: Fly out, F3 (Popup, 3SF)
|
Batting: RHB Aaron Wilson
|
0-0: Called Strike 0-1: Ball 1-1: Foul Ball, location: 2F 1-2: Ball 2-2: Ball 3-2: Strikes out swinging
|
Top of the 2nd over - 0 run(s), 0 hit(s), 0 error(s), 0 left on base; Irvine 1 - Plymouth 0 |
BOTTOM OF THE 2ND |
Plymouth Rocks batting - Pitching for Irvine Gang Green : LHP Keith Swanson
|
Batting: SHB Greg Welch
|
0-0: Ball 1-0: Ball 2-0: Foul Ball, location: 2F 2-1: Ball 3-1: Base on Balls
|
Batting: RHB Luis Sánchez
|
0-0: Foul Ball, location: 2F 0-1: Ball 1-1: Ball 2-1: Ball 3-1: Foul Ball, location: 2F 3-2: Grounds into double play, 5-4-3 (Groundball, 5)
|
Batting: RHB Tadakuni Sugiyama
|
0-0: Ball 1-0: Ball 2-0: Called Strike 2-1: Foul Ball, location: 2F 2-2: Foul Ball, location: 2F 2-2: Strikes out swinging
|
Bottom of the 2nd over - 0 run(s), 0 hit(s), 0 error(s), 0 left on base; Irvine 1 - Plymouth 0 |
TOP OF THE 3RD |
Irvine Gang Green batting - Pitching for Plymouth Rocks : LHP Dave Smeddon
|
Batting: LHB Leonardo Medina
|
0-0: Ball 1-0: Ball 2-0: DOUBLE (Flyball, 78XD)
|
Batting: RHB Buck Jones
|
0-0: Called Strike 0-1: Ball 1-1: Ball 2-1: Swinging Strike 2-2: Foul Ball, location: 2F 2-2: Foul Ball, location: 2F 2-2: Ball 3-2: Foul Ball, location: 2F 3-2: SINGLE (Groundball, 6M) Leonardo Medina to third Runner from 3rd tries for Home, SAFE, throw made home Buck Jones to second
|
Batting: RHB Manny Copriviza
|
0-0: Swinging Strike 0-1: Ball 1-1: Ball 2-1: Swinging Strike 2-2: Strikes out swinging
|
Batting: LHB Víctor Quiñones
|
0-0: Ball 1-0: Ball 2-0: Called Strike 2-1: Ball 3-1: Ground out 4-3 (Groundball, 4) Buck Jones to third
|
Batting: LHB Jesús Campos
|
0-0: Fly out, F8 (Flyball, 8RS)
|
Top of the 3rd over - 1 run(s), 2 hit(s), 0 error(s), 1 left on base; Irvine 2 - Plymouth 0 |
BOTTOM OF THE 3RD |
Plymouth Rocks batting - Pitching for Irvine Gang Green : LHP Keith Swanson
|
Batting: RHB Víctor Chávez
|
0-0: Ball 1-0: Called Strike 1-1: Ball 2-1: SINGLE (Line Drive, 8LS)
|
Batting: LHB Barrett Waters
|
0-0: Called Strike 0-1: Ball 1-1: DOUBLE (Line Drive, 9LS) Víctor Chávez to third
|
Batting: RHB António Zúñiga
|
0-0: Foul Ball, location: 2F 0-1: Ball 1-1: Swinging Strike 1-2: Ball 2-2: Foul Ball, location: 2F 2-2: Ball 3-2: Ground out 4-3 (Groundball, 4M) Víctor Chávez scores Barrett Waters to third
|
Batting: RHB Andrés Lara
|
0-0: Ball 1-0: Ball 2-0: Foul Ball, location: 2F 2-1: Ball 3-1: Called Strike 3-2: Foul Ball, location: 2F 3-2: Fly out, F7 (Flyball, 7M) Runner from 3rd tags up, SCORES, no throw
|
Batting: RHB António Gonzáles
|
0-0: Called Strike 0-1: Swinging Strike 0-2: Strikes out swinging
|
Bottom of the 3rd over - 2 run(s), 2 hit(s), 0 error(s), 0 left on base; Irvine 2 - Plymouth 2 |
TOP OF THE 4TH |
Irvine Gang Green batting - Pitching for Plymouth Rocks : LHP Dave Smeddon
|
Batting: RHB Tom Doherty
|
0-0: Fly out, F8 (Flyball, 8LXD)
|
Batting: LHB Jorge Martínez
|
0-0: Foul Ball, location: 2F 0-1: Foul Ball, location: 2F 0-2: Ball 1-2: Ball 2-2: Ball 3-2: Foul Ball, location: 2F 3-2: SOLO HOME RUN (Flyball, 89XD), Distance : 431 ft
|
Batting: RHB José Salazar
|
0-0: Ball 1-0: Ball 2-0: Called Strike 2-1: Swinging Strike 2-2: Fly out, F7 (Flyball, 7LD)
|
Batting: RHB Aaron Wilson
|
0-0: Ball 1-0: Called Strike 1-1: Foul Ball, location: 2F 1-2: Fly out, F9 (Flyball, 89M)
|
Top of the 4th over - 1 run(s), 1 hit(s), 0 error(s), 0 left on base; Irvine 3 - Plymouth 2 |
BOTTOM OF THE 4TH |
Plymouth Rocks batting - Pitching for Irvine Gang Green : LHP Keith Swanson
|
Batting: RHB Júlio Negrón
|
0-0: Swinging Strike 0-1: Swinging Strike 0-2: Hit by Pitch
|
Batting: SHB Greg Welch
|
0-0: Called Strike 0-1: Ball 1-1: Fly out, F9 (Flyball, 89D)
|
Batting: RHB Luis Sánchez
|
0-0: Ball 1-0: Ball 2-0: Ball 3-0: Base on Balls Júlio Negrón to second
|
Batting: RHB Tadakuni Sugiyama
|
0-0: Fly out, F9 (Line Drive, 89M)
|
Batting: RHB Víctor Chávez
|
0-0: Fielders Choice at 2nd, 6-4 (Groundball, 6)
|
Bottom of the 4th over - 0 run(s), 0 hit(s), 0 error(s), 1 left on base; Irvine 3 - Plymouth 2 |
TOP OF THE 5TH |
Irvine Gang Green batting - Pitching for Plymouth Rocks : LHP Dave Smeddon
|
Batting: LHB Leonardo Medina
|
0-0: Called Strike 0-1: Ball 1-1: Fly out, F3 (Popup, 23)
|
Batting: RHB Buck Jones
|
0-0: Called Strike 0-1: Ground out 6-3 (Groundball, 6M)
|
Batting: RHB Manny Copriviza
|
0-0: Called Strike 0-1: Ball 1-1: Ball 2-1: SOLO HOME RUN (Flyball, 7LD), Distance : 372 ft
|
Batting: LHB Víctor Quiñones
|
0-0: Ball 1-0: Fly out, F4 (Line Drive, 4)
|
Top of the 5th over - 1 run(s), 1 hit(s), 0 error(s), 0 left on base; Irvine 4 - Plymouth 2 |
BOTTOM OF THE 5TH |
Plymouth Rocks batting - Pitching for Irvine Gang Green : LHP Keith Swanson
|
Batting: LHB Barrett Waters
|
0-0: Ball 1-0: Ball 2-0: Foul Ball, location: 2F 2-1: Ball 3-1: SINGLE (Groundball, 34D)
|
Batting: RHB António Zúñiga
|
0-0: Ball 1-0: Ball 2-0: Ball 3-0: Base on Balls Barrett Waters to second
|
Batting: RHB Andrés Lara
|
0-0: Called Strike 0-1: Fly out, F2 (Popup, 23F)
|
Batting: RHB António Gonzáles
|
0-0: Ball 1-0: Called Strike 1-1: SINGLE (Flyball, 8RS) Barrett Waters to third António Zúñiga to second Runner from 3rd tries for Home, throw and OUT!
|
Batting: RHB Júlio Negrón
|
0-0: Ball 1-0: Called Strike 1-1: Fly out, F9 (Flyball, 89M)
|
Bottom of the 5th over - 0 run(s), 2 hit(s), 0 error(s), 2 left on base; Irvine 4 - Plymouth 2 |
TOP OF THE 6TH |
Irvine Gang Green batting - Pitching for Plymouth Rocks : LHP Dave Smeddon
|
Batting: LHB Jesús Campos
|
0-0: Foul Ball, location: 2F 0-1: Ball 1-1: Ball 2-1: Fly out, F3 (Line Drive, 3L)
|
Batting: RHB Tom Doherty
|
0-0: Ball 1-0: Fly out, F9 (Flyball, 9M)
|
Batting: LHB Jorge Martínez
|
0-0: Ball 1-0: Fly out, F5 (Popup, 5SF)
|
Top of the 6th over - 0 run(s), 0 hit(s), 0 error(s), 0 left on base; Irvine 4 - Plymouth 2 |
BOTTOM OF THE 6TH |
Plymouth Rocks batting - Pitching for Irvine Gang Green : LHP Keith Swanson
|
Batting: SHB Greg Welch
|
0-0: Called Strike 0-1: Ball 1-1: Ball 2-1: Foul Ball, location: 2F 2-2: Foul Ball, location: 2F 2-2: Fly out, F6 (Popup, 6)
|
Batting: RHB Luis Sánchez
|
0-0: Ball 1-0: Fly out, F9 (Flyball, 9LD)
|
Batting: RHB Tadakuni Sugiyama
|
0-0: Swinging Strike 0-1: Called Strike 0-2: Ground out 5-3 (Groundball, 56S)
|
Bottom of the 6th over - 0 run(s), 0 hit(s), 0 error(s), 0 left on base; Irvine 4 - Plymouth 2 |
TOP OF THE 7TH |
Irvine Gang Green batting - Pitching for Plymouth Rocks : LHP Dave Smeddon
|
Pitching: RHP Jean Burrows
|
|
Batting: RHB José Salazar
|
0-0: Ball 1-0: Foul Ball, location: 2F 1-1: Foul Ball, location: 2F 1-2: Foul Ball, location: 2F 1-2: Ground out 6-3 (Groundball, 6MS)
|
Batting: RHB Aaron Wilson
|
0-0: Ball 1-0: Called Strike 1-1: Ball 2-1: Called Strike 2-2: Strikes out swinging
|
Batting: LHB Leonardo Medina
|
0-0: Ball 1-0: Ground out 4-3 (Groundball, 4M)
|
Top of the 7th over - 0 run(s), 0 hit(s), 0 error(s), 0 left on base; Irvine 4 - Plymouth 2 |
BOTTOM OF THE 7TH |
Plymouth Rocks batting - Pitching for Irvine Gang Green : LHP Keith Swanson
|
Pitching: LHP Yu-shu Kong
|
|
Batting: RHB Víctor Chávez
|
0-0: Ball 1-0: Ball 2-0: SINGLE (Groundball, 5D)
|
Batting: LHB Barrett Waters
|
0-0: Ball 1-0: Ball 2-0: Bunted foul 2-1: Sac Bunt - play at first, batter OUT! 5-4 Víctor Chávez to second
|
Batting: RHB António Zúñiga
|
0-0: Ball 1-0: Ball 2-0: Ball 3-0: Base on Balls
|
Batting: RHB Andrés Lara
|
0-0: Ball 1-0: Ground out U3 (Groundball, 3S) Víctor Chávez to third António Zúñiga to second
|
Batting: RHB António Gonzáles
|
0-0: Ball 1-0: Called Strike 1-1: Foul Ball, location: 2F 1-2: Foul Ball, location: 2F 1-2: Strikes out swinging
|
Bottom of the 7th over - 0 run(s), 1 hit(s), 0 error(s), 2 left on base; Irvine 4 - Plymouth 2 |
TOP OF THE 8TH |
Irvine Gang Green batting - Pitching for Plymouth Rocks : RHP Jean Burrows
|
Batting: RHB Buck Jones
|
0-0: Called Strike 0-1: Ball 1-1: Ground out 6-3 (Groundball, 6M)
|
Batting: RHB Manny Copriviza
|
0-0: Fly out, F7 (Flyball, 78M)
|
Batting: LHB Víctor Quiñones
|
0-0: Ball 1-0: Called Strike 1-1: Foul Ball, location: 2F 1-2: Ball 2-2: Ball 3-2: Foul Ball, location: 2F 3-2: Foul Ball, location: 2F 3-2: Base on Balls
|
Batting: LHB Jesús Campos
|
0-0: Called Strike 0-1: Ball 1-1: Ball 2-1: Foul Ball, location: 2F 2-2: Foul Ball, location: 2F 2-2: Foul Ball, location: 2F 2-2: Ball 3-2: Fly out, F9 (Flyball, 9S)
|
Top of the 8th over - 0 run(s), 0 hit(s), 0 error(s), 1 left on base; Irvine 4 - Plymouth 2 |
BOTTOM OF THE 8TH |
Plymouth Rocks batting - Pitching for Irvine Gang Green : LHP Yu-shu Kong
|
Batting: RHB Júlio Negrón
|
0-0: Called Strike 0-1: Fly out, F3 (Popup, 4)
|
Batting: SHB Greg Welch
|
0-0: Called Strike 0-1: Ball 1-1: SINGLE (Flyball, 8RS)
|
Pitching: RHP Kuang-yin Yue
|
|
Batting: RHB Luis Sánchez
|
0-0: Called Strike 0-1: Ball 1-1: Grounds into double play, 1-4-3 (Groundball, 15)
|
Bottom of the 8th over - 0 run(s), 1 hit(s), 0 error(s), 0 left on base; Irvine 4 - Plymouth 2 |
TOP OF THE 9TH |
Irvine Gang Green batting - Pitching for Plymouth Rocks : RHP Jean Burrows
|
Batting: RHB Tom Doherty
|
0-0: Foul Ball, location: 2F 0-1: Swinging Strike 0-2: Strikes out swinging
|
Batting: LHB Jorge Martínez
|
0-0: Ball 1-0: Called Strike 1-1: Ball 2-1: SOLO HOME RUN (Flyball, 7LD), Distance : 369 ft
|
Batting: RHB José Salazar
|
0-0: Called Strike 0-1: Called Strike 0-2: Ball 1-2: Ball 2-2: Ball 3-2: Fly out, F8 (Line Drive, 8RM)
|
Batting: RHB Aaron Wilson
|
0-0: Ball 1-0: Ball 2-0: Ground out 5-3 (Groundball, 56)
|
Top of the 9th over - 1 run(s), 1 hit(s), 0 error(s), 0 left on base; Irvine 5 - Plymouth 2 |
BOTTOM OF THE 9TH |
Plymouth Rocks batting - Pitching for Irvine Gang Green : RHP Kuang-yin Yue
|
Pitching: RHP Mike Fisher
|
|
Batting: RHB Tadakuni Sugiyama
|
0-0: Ball 1-0: Ball 2-0: Ball 3-0: Swinging Strike 3-1: Called Strike 3-2: Base on Balls
|
Batting: RHB Víctor Chávez
|
0-0: Fielders Choice at 2nd, 5-4 (Groundball, 56)
|
Batting: LHB Barrett Waters
|
0-0: Foul Ball, location: 2F 0-1: Ball 1-1: Ball 2-1: Called Strike 2-2: Foul Ball, location: 2F 2-2: Ball 3-2: Base on Balls Víctor Chávez to second
|
Pinch Hitting: LHB Roy Patrick
|
0-0: Fielders Choice at 2nd, 6-4 (Groundball, 6) Víctor Chávez to third
|
Pinch Hitting: LHB Roger Moore
|
0-0: Ball 1-0: Ground out U3 (Groundball, 3)
|
Bottom of the 9th over - 0 run(s), 0 hit(s), 0 error(s), 2 left on base; Irvine 5 - Plymouth 2 |
|